 Dungeon Crawl Stone Soup version 0.30-a0-696-g2367cd04db (webtiles) character file.

Game seed: 8569420487325376350

3 kae the Insei (level 1, -1/15 HPs)
             Began as a Demonspawn Transmuter on Jan 20, 2023.
             Slain by a quokka (4 damage)
             ... on level 1 of the Dungeon.
             The game lasted 00:00:10 (93 turns).

kae the Insei (Demonspawn Transmuter)                 Turns: 93, Time: 00:00:11

Health: -1/15      AC:  2    Str: 10    XL:     1   Next: 41%
Magic:  2/3        EV: 12    Int: 14    God:
Gold:   27         SH:  0    Dex: 13    Spells: 3/4 levels left

rFire   . . .      SeeInvis .    d - +0 dagger
rCold   . . .      Faith    .    (no shield)
rNeg    . . .      Spirit   .    a - +0 robe
rPois   .          Reflect  .    (helmet currently unavailable)
rElec   .          Harm     .    (no cloak)
rCorr   .          Rampage  .    (no gloves)
Will    .....                    (boots currently unavailable)
Stlth   +                        (no amulet)
HPRegen 0.22/turn                (no ring)
MPRegen 0.08/turn                (no ring)

@: appendages (expiring)
A: horns 2, talons 2
a: End Transformation


You were on level 1 of the Dungeon.
You had temporarily grown beastly horns and talons.
You visited 1 branch of the dungeon, and saw 1 of its levels.

You collected 27 gold pieces.


Innate Abilities, Weirdness & Mutations

You have temporarily grown beastly horns and talons.


   Skills:
 - Level 1.0 Fighting
 - Level 1.7 Dodging
 + Level 2.7 Unarmed Combat
 + Level 2.0 Spellcasting
 * Level 2.0 Transmutations


You had 3 spell levels left.
You knew the following spells:

 Your Spells              Type           Power      Damage    Failure   Level
a - Beastly Appendage     Tmut           14%        N/A       11%         1

Your spell library contained the following spells:

 Spells                   Type           Power      Damage    Failure   Level
 Wereblood                Tmut           7%         N/A       16%         2
 Spider Form              Tmut/Pois      4%         N/A       43%         3
 Ice Form                 Ice/Tmut       4%         N/A       83%         4

Inventory:

Hand Weapons
 d - a +0 dagger (weapon)
   (You took it off a goblin on level 1 of the Dungeon)
Missiles
 c - 3 javelins
Armour
 a - a +0 robe (worn)
Potions
 b - a potion of lignification {!q}

Dungeon Overview and Level Annotations

Branches:
Dungeon (1/15) Zot: 5906

Altars:

#.#
##...########..##..#
...
.....................
#.#
#...#....#........###
#.
....####...##..#### #
..# #..###...#
##..###...#
#....###..# #....#
..# #..@.# #.. #..r.#
#....# #....# ..>...
.####### .. ..


You could see a quokka.


Message History

You take 2 damage, and now have 13/15 hp.
Your mp is fully restored (3).
A goblin is nearby!
You barely miss the goblin. You headbutt the goblin.
The goblin hits you with a +0 dagger.
You are too injured to fight recklessly! 😮 HP[-4]
You take 4 damage, and now have 9/15 hp.
MASSIVE DAMAGE!! (PAUSE)
You hit the goblin but do no damage. Your kick misses the goblin.
The goblin barely misses you.
You hit the goblin.
You kill the goblin!
Your horns disappear.
Your talons disappear.
Things that are here:
a +0 dagger; a goblin corpse; 😮 HP[+1]
d - a +0 dagger
d - a +0 dagger (weapon)
A rat comes into view. 😕 HP[+2]
You regained 2 hp, and now have 12/15 hp.
A rat is nearby!
A rat is nearby!
A rat comes into view. 😕 HP[+1]
Casting: Beastly Appendage (safe; 11% risk of failure)
Confirm with . or Enter, or press ? or * to list all spells.
You grow a pair of large bovine horns.
Your feet morph into talons. 😕 MP[-1]
You lost 1 mp, and now have 2/3 mp.
You hit the rat. The rat barely misses you.
You hit the rat.
You kill the rat!
Your transformation is almost over.
You see here a rat corpse. 😕 HP[+1]
You closely miss the rat. The rat bites you.
You hit the rat.
You kill the rat!
Your Transmutations skill increases to level 2!
Your horns disappear.
Your talons disappear.
You now have 8 gold pieces.
You now have 17 gold pieces (gained 9).
You now have 19 gold pieces (gained 2).
You now have 27 gold pieces (gained 8).
A quokka comes into view.
Found a stone staircase leading down. 😎 HP[+1] MP[+1]
Your hp is fully restored (15).
Your mp is fully restored (3).
A quokka is nearby!
The quokka bites you. x2
You are too injured to fight recklessly! 😮 HP[-5]
You take 5 damage, and now have 10/15 hp.
MASSIVE DAMAGE!! (PAUSE)
A quokka is nearby!
A quokka is nearby!
You are too injured to fight recklessly!
You are too injured to fight recklessly!
A quokka is nearby!
You are too injured to fight recklessly!
You are too injured to fight recklessly!
A quokka is nearby!
You are too injured to fight recklessly!
You are too injured to fight recklessly!
Unknown command.
A quokka is nearby!
Casting: Beastly Appendage (safe; 11% risk of failure)
Confirm with . or Enter, or press ? or * to list all spells.
You grow a pair of large bovine horns.
Your feet morph into talons.
The quokka barely misses you. The quokka bites you. 😮 HP[-1] MP[-1]
You take 1 damage, and now have 9/15 hp.
You lost 1 mp, and now have 2/3 mp.
You closely miss the quokka. The quokka barely misses you.
You hit the quokka. Your headbutt misses the quokka.
The quokka bites you. 😮 HP[-1]
You take 1 damage, and now have 8/15 hp.
Unknown command.
You hit the quokka but do no damage. Your headbutt misses the quokka.
The quokka barely misses you. The quokka bites you.
* * * LOW HITPOINT WARNING * * *
😨 HP[-2]
You take 2 damage, and now have 6/15 hp.
You hit the quokka but do no damage.
Your transformation is almost over.
The quokka bites you.
* * * LOW HITPOINT WARNING * * *
😨 HP[-1]
You take 1 damage, and now have 5/15 hp.
You barely miss the quokka.
You headbutt the quokka, but do no damage.
The quokka bites you.
* * * LOW HITPOINT WARNING * * *
😱 HP[-2]
You take 2 damage, and now have 3/15 hp.
You barely miss the quokka. Your headbutt misses the quokka.
The quokka bites you.
You die...

Skill      XL: |  1 |
---------------+----+-----
Transmutations | 2 |  2.0
Fighting       | |  1.0
Dodging        | |  1.7
Unarmed Combat | |  2.7
Spellcasting   | |  2.0

Action                   || total
-------------------------++-------
Melee: Dagger            ||    10
       Unarmed           ||     6
       Headbutt          ||     2
 Cast: Beastly Appendage ||     3
Dodge: Dodged            ||     7

Levels and vault maps discovered:
D:1:      wheals_arrival_shading, layout_rooms, grunt_decor_one_mirror

Notes
Turn   | Place    | Note
-------+----------+-------------------------------------------
     0 | D:1      | kae the Demonspawn Transmuter began the quest for the Orb.
     0 | D:1      | Reached XP level 1. HP: 15/15 MP: 3/3
     0 | D:1      | magus.rc [v1.11.3]
    52 | D:1      | Reached skill level 2 in Transmutations
    92 | D:1      | HP: 3/15 [quokka (2)]
    93 | D:1      | Slain by a quokka

Vanquished Creatures
  A goblin (D:1)
  3 rats (D:1)
4 creatures vanquished.

Table legend:
 A = Non-vault XP
 B = Vault XP
 C = Vault XP percentage of total XP
 D = Non-vault monster count
 E = Vault monster count
 F = Vault count percentage of total count
                 A         B        C        D         E       F
            +---------+---------+-------+---------+---------+-------
      Total |       5 |       0 |   0.0 |       4 |       0 |   0.0
            +---------+---------+-------+---------+---------+-------
        D:1 |       5 |       0 |   0.0 |       4 |       0 |   0.0
            +---------+---------+-------+---------+---------+-------

Illustrated notes

Table legend:
 A = Kills in this place as a percentage of kills in entire the game.
 B = Kills by you in this place as a percentage of kills by you in the entire game.
 C = Kills by friends in this place as a percentage of kills by friends in the entire game.
 D = Other kills in this place as a percentage of other kills in the entire game.
 E = Experience gained in this place as a percentage of experience gained in the entire game.
 F = Experience gained in this place divided by the number of levels of this place that you have seen.
                   A       B       C       D       E      F
               +-------+-------+-------+-------+-------+----------------------
         Total | 100.0 | 100.0 |   N/A |   N/A | 100.0 |   5.0
       Dungeon | 100.0 | 100.0 |   N/A |   N/A | 100.0 |   5.0
               +-------+-------+-------+-------+-------+----------------------

Table legend: (Time is in decaauts)
 A = Elapsed time spent in this place.
 B = Non-inter-level travel time spent in this place.
 C = Inter-level travel time spent in this place.
 D = Time resting spent in this place.
 E = Time spent auto-exploring this place.
 F = Levels seen in this place.
 G = Mean time per level.
                   A        B        C        D        E       F      G
               +--------+--------+--------+--------+--------+-----+--------+
         Total |     92 |     92 |      0 |      0 |     50 |   1 |   92.0 |
       Dungeon |     92 |     92 |      0 |      0 |     50 |   1 |   92.0 |
               +--------+--------+--------+--------+--------+-----+--------+

Top non-repeatable levels by time:
     D:1: 92 daAuts
